 Dungeon Crawl Stone Soup version 0.30-a0-586-g23e55c9e0a (webtiles) character file.

Game seed: 11745570775851941185

140 vineage the Trooper (level 5, -2/33 HPs)
             Began as a Gargoyle Fighter on Jan 3, 2023.
             Killed by divine providence
             ... invoked by an orc priest
              (11 damage)
             ... on level 3 of the Dungeon.
             The game lasted 00:02:38 (2200 turns).

vineage the Trooper (Gargoyle Fighter)              Turns: 2200, Time: 00:02:39

Health: -2/33      AC: 14    Str: 22    XL:     5   Next: 23%
Magic:  5/5        EV:  7    Int:  8    God:
Gold:   232        SH:  5    Dex: 15    Spells: 4/4 levels left

rFire   . . .      SeeInvis .    f - +2 whip (vamp)
rCold   . . .      Faith    .    c - +0 buckler
rNeg    + . .      Spirit   .    h - +0 chain mail
rPois   ∞          Reflect  .    (no helmet)
rElec   +          Harm     .    (no cloak)
rCorr   .          Rampage  .    b - +0 pair of gloves
Will    .....                    (no boots) Stlth
                                 (no amulet)
HPRegen 0.25/turn                n - +6 ring of dexterity
MPRegen 0.09/turn                (no ring)

@: no status effects
A: sickness immunity, AC +4, negative energy resistance 1, electricity
resistance, torment resistance 1, petrification resistance
a: no special abilities


You were on level 3 of the Dungeon.
You visited 1 branch of the dungeon, and saw 3 of its levels.

You collected 232 gold pieces.

Inventory:

Hand Weapons
 a - a +0 flail
 f - a +2 vampiric whip (weapon)
Armour
 b - a +0 pair of gloves (worn)
 c - a +0 buckler (worn)
 h - a +0 chain mail (worn)
Jewellery
 n - a +6 ring of dexterity (left hand)
Scrolls
 i - a scroll of magic mapping {unknown}
 p - a scroll of enchant armour {unknown}
 r - a scroll of identify
Potions
 d - a potion of might
 e - a potion of magic {unknown}
 g - 3 potions of heal wounds
 j - a potion of ambrosia {unknown}
 k - 3 potions of curing {unknown}
 l - 2 potions of invisibility {unknown}
 m - 2 potions of haste {unknown}
 o - 3 potions of attraction {unknown}
 q - a potion of degeneration {unknown}


   Skills:
 + Level 4.1 Fighting
 * Level 3.5 Maces & Flails
 + Level 4.0 Armour
 + Level 4.1 Shields


You had 4 spell levels left.
You didn't know any spells.
Your spell library contained the following spells:

 Spells                   Type           Power      Damage    Failure   Level
 Apportation              Tloc           0%         N/A       99%         1
 Necrotise                Necr           0%         1d4       99%         1
 Summon Small Mammal      Summ           0%         N/A       99%         1
 Petrify                  Tmut/Erth      0%         N/A       100%        4
 Irradiate                Conj/Tmut      0%         3d11      100%        5
 Sublimation of Blood     Necr           Unusable   N/A       N/A         2

Dungeon Overview and Level Annotations

Branches:
Dungeon (3/15)

Altars:

Annotations:
D:3 2 runed translucent doors


Innate Abilities, Weirdness & Mutations

You are immune to sickness and miasma.
Your stone body is resilient. (AC +4)
You are immune to poison.
You resist negative energy. (rN+)
You are resistant to electric shocks. (rElec)
You are resistant to unholy torment.
You are immune to petrification.


Message History

The orc priest hits you but does no damage.
Items here: ( )) ††.
You hit the orc priest.
The orc priest is lightly wounded.
You block the orc priest's attack.
You hit the orc priest but do no damage.
The orc priest is lightly wounded.
The orc priest hits you with a +0 trident.
You hit the orc priest.
You feel better.
The orc priest is moderately wounded.
The orc priest hits you but does no damage.
You barely miss the orc priest.
The orc priest is moderately wounded.
The orc priest hits you but does no damage.
You closely miss the orc priest.
The orc priest is moderately wounded.
The orc priest barely misses you.
You barely miss the orc priest.
The orc priest is moderately wounded.
The orc priest looks encouraged for a moment.
You barely miss the orc priest.
The orc priest is moderately wounded.
The orc priest mumbles some strange prayers to Beogh against you.
Beogh smites you!
* * * LOW HITPOINT WARNING * * *
You hit the orc priest.
The orc priest is heavily wounded.
The orc priest hits you but does no damage.
You closely miss the orc priest.
The orc priest is heavily wounded.
The orc priest hits you with a +0 trident.
* * * LOW HITPOINT WARNING * * *
You completely miss the orc priest.
The orc priest is heavily wounded.
The orc priest closely misses you.
You hit the orc priest.
You feel better.
The orc priest is severely wounded.
The orc priest calls down the wrath of Beogh upon you.
Beogh smites you!
You die...

##..# ############.#
>#..# #..## #...#
#.#.# .#.## #..##
.#.# #..# .#.# #..#
##.# #..# $###
############..#
8.#####.o.)....o@...#
..'.>..o##########.##
8.####### #.# . #.#
## #.#
.#################.#
.##...........<..[.#
##.....#############
.........#


You could see an orc priest.

Vanquished Creatures
  4 adders
  4 worms
  A dart slug (D:3)
  6 orcs (D:3)
  4 ball pythons
  5 bats
  11 endoplasms
  6 giant cockroaches
  8 goblins
  4 jackals (D:1)
  7 quokkas
  7 frilled lizards (D:1)
  7 kobolds
  7 rats
81 creatures vanquished.

Notes
Turn   | Place    | Note
-------+----------+-------------------------------------------
     0 | D:1      | vineage the Gargoyle Fighter began the quest for the Orb.
     0 | D:1      | Reached XP level 1. HP: 14/14 MP: 1/1
    57 | D:1      | Reached XP level 2. HP: 8/19 MP: 2/2
   289 | D:1      | Found a faded altar of an unknown god.
   353 | D:1      | Reached XP level 3. HP: 23/24 MP: 3/3
   966 | D:2      | Reached XP level 4. HP: 29/29 MP: 4/4
  1155 | D:2      | Identified the +0 chain mail of the Black Skies {-Cast
                  | +Blink rPois rCorr}
  1628 | D:3      | Reached XP level 5. HP: 33/33 MP: 5/5
  1791 | D:3      | Found a large runed translucent door.
  1792 | D:3      | Found a large runed translucent door.
  2200 | D:3      | Killed from afar by an orc priest

Illustrated notes

Levels and vault maps discovered:
D:1:      pf_arrival_petrified_forest, layout_rooms,
          chequers_ecumenical_altar_simple_redux, minivault_27,
          minmay_misc_feat_columns, minmay_misc_feat_iff
D:2:      layout_rooms, minmay_close_crescents
D:3:      minmay_angry_zag, layout_loops_ring, jmf_multi_god_temple2,
          minivault_4, minivault_24, kennysheep_orc_chapel

Skill      XL: |  1  2  3  4  5 |
---------------+----------------+-----
Maces & Flails | 3 |  3.5
Fighting       | 4 |  4.1
Shields        | 4 |  4.1
Armour         | 4 |  4.0

Action                   |  1- 3 |  4- 6 || total
-------------------------+-------+-------++-------
Melee: Flail             |    37 |       ||    37
       Whip              |   121 |   145 ||   266
  Use: Scroll            |     5 |     3 ||     8
Armor: Scale mail        |   106 |     3 ||   109
       Chain mail        |       |    52 ||    52
Dodge: Dodged            |   101 |    36 ||   137
Block: Buckler           |    45 |    22 ||    67

Table legend: (Time is in decaauts)
 A = Elapsed time spent in this place.
 B = Non-inter-level travel time spent in this place.
 C = Inter-level travel time spent in this place.
 D = Time resting spent in this place.
 E = Time spent auto-exploring this place.
 F = Levels seen in this place.
 G = Mean time per level.
                   A        B        C        D        E       F      G
               +--------+--------+--------+--------+--------+-----+--------+
         Total |   2210 |   2126 |     84 |      0 |   1532 |   3 |  736.7 |
       Dungeon |   2210 |   2126 |     84 |      0 |   1532 |   3 |  736.7 |
               +--------+--------+--------+--------+--------+-----+--------+

Top non-repeatable levels by time:
     D:3: 946 daAuts
     D:1: 754 daAuts
     D:2: 510 daAuts
